 Dungeon Crawl Stone Soup version 0.31.0-11-ge490571c62 (webtiles) character file.

Game seed: 13653566423365634092

578149 Darold the Sorcerer (level 25, -4/110 HPs)
             Began as a Spriggan Alchemist on Jan 25, 2024.
             Was the Champion of Elyvilon.
             Killed from afar by an acid blob (27 damage)
             ... with a splash of acid
             ... created by the Royal Jelly
             ... on level 5 of the Pits of Slime on Jan 27, 2024.
             The game lasted 04:19:14 (77003 turns).

Darold the Sorcerer (Spriggan Alchemist)           Turns: 77003, Time: 04:19:15

Health: -4/110     AC: -10   Str:  4    XL:     25   Next: 85%
Magic:  5/54       EV: 29    Int: 32    God:    Elyvilon [******]
Gold:   1170       SH:  0    Dex: 16    Spells: 26/76 levels left

rFire   + + .        O - +9 staff of Olgreb {rPois∞}
rCold   + . .        (shield currently unavailable)
rNeg    . . .        Q - +2 troll leather armour {Snorg}
rPois   ∞            H - +1 hat {Int+3}
rElec   .            s - scarf {rC+ rF+}
rCorr   .            (gloves unavailable)
SInv    +            (boots unavailable)
Will    ++++.        X - amulet of faith
Stlth   +++          Z - ring of Freedom {^Contam rPois rF+ Int+3}
HPRegen 1.18/turn    A - +4 ring of protection
MPRegen 0.34/turn

%: faith
@: about to teleport, corroded, spewing sludge, studying 2 skills, slow
A: very small, no large weapons, unfitting armour, see invisible, speed 3,
talons 1, clumsy 1, deformed body, frail 1
}: 3/15 runes: serpentine, barnacled, silver
a: Renounce Religion, Evoke the Staff of Olgreb, Purification, Heal Other, Heal
Self, Divine Vigour


You were on level 5 of the Pits of Slime.
You worshipped Elyvilon.
Elyvilon was exalted by your worship.
You visited 10 branches of the dungeon, and saw 48 of its levels.
You visited 1 bazaar.
You also visited: Sewer and Gauntlet.

You collected 6646 gold pieces.
You spent 5476 gold pieces at shops.

Inventory:

Hand Weapons
 O - the +9 staff of Olgreb (weapon) {rPois∞}
   (You found it on level 3 of the Elven Halls)

   Radiate:   It can be activated via the 'a'bility menu to radiate toxic
   energy, with effectiveness depending on Evocations skill.
   Alch:      It enhances your alchemy magic.
   rPois∞: It grants immunity to poison.
Missiles
 I - 12 throwing nets
Armour
 s - a scarf of resistance (worn)
 H - a +1 hat of intelligence (worn)
 Q - a +2 troll leather armour (worn) {Snorg}
Jewellery
 h - the ring of the Mage {Wiz Archmagi}
   (You found it on level 2 of the Shoals)

   [ring of wizardry]

   Wiz:       It improves your spell success rate.
   Archmagi:  It increases the power of your magical spells.
 o - the ring of Heuriemn {rF+ Will+ rCorr Str+4}
   (You took it off a deep elf death mage on level 3 of the Elven Halls)

   [ring of resist corrosion]

   Str+4:     It affects your strength (+4).
   rF+:       It protects you from fire.
   Will+:     It increases your willpower.
   rCorr:     It protects you from acid and corrosion.
 u - a ring of ice
 A - a +4 ring of protection (right hand)
 G - a ring of flight
 M - a ring of protection from fire
 V - a ring of willpower
 X - an amulet of faith (around neck)
 Y - a ring of fire
 Z - the ring of Freedom (left hand) {^Contam rPois rF+ Int+3}
   (You found it on level 5 of the Lair of Beasts)

   [ring of protection from fire]

   Int+3:     It affects your intelligence (+3).
   rF+:       It protects you from fire.
   rPois:     It protects you from poison ^Contam: It causes magical
   contamination when unequipped.
Talismans
 y - a granite talisman
Wands
 a - a wand of digging (12)
 f - a wand of polymorph (17)
 t - a wand of flame (119)
 w - a wand of charming (37)
 D - a wand of acid (23)
 L - a wand of iceblast (33)
 U - a wand of mindburst (2)
Scrolls
 c - 12 scrolls of teleportation
 d - 4 scrolls of revelation
 e - 4 scrolls of vulnerability
 j - a scroll of enchant armour
 p - 12 scrolls of fear
 q - 5 scrolls of silence
 v - 4 scrolls of noise
 z - 11 scrolls of immolation
 C - 2 scrolls of poison
 J - 3 scrolls of fog
 P - 5 scrolls of blinking
 R - 3 scrolls of amnesia
Potions
 b - 6 potions of enlightenment
 g - 4 potions of heal wounds
 i - 14 potions of curing
 k - 5 potions of invisibility
 l - 6 potions of resistance
 m - 3 potions of magic
 n - 2 potions of cancellation
 r - 3 potions of brilliance
 x - 6 potions of haste
 B - 7 potions of mutation
 E - 7 potions of might
 N - 2 potions of ambrosia
 S - 4 potions of lignification
Miscellaneous
 T - a condenser vane


   Skills:
 - Level 10.0 Fighting
 - Level 3.7 Short Blades
 - Level 0.5 Staves
 - Level 6.3 Throwing
 - Level 3.7 Armour
 - Level 21.2 Dodging
 - Level 12.2 Stealth
 - Level 0.1 Unarmed Combat
 - Level 26.2 Spellcasting
 - Level 5.8 Conjurations
 - Level 14.2 Summonings
 - Level 9.9 Fire Magic
 - Level 4.3 Air Magic
 - Level 18.6 Alchemy
 - Level 16.0 Invocations
 - Level 1.1 Evocations
 + Level 16.0 Shapeshifting


You had 26 spell levels left.
You knew the following spells:

 Your Spells              Type           Power      Damage    Failure   Level
a - Fulminant Prism       Conj/Alch      55%        3d24      1%          4
b - Mephitic Cloud        Conj/Alch/Air  100%       N/A       1%          3
c - Olgreb's Toxic Radia  Alch           100%       N/A       0%          4
d - Sticky Flame          Fire/Alch      100%       2d15      1%          4
e - Eringya's Noxious Bo  Alch           63%        4d6       1%          6
f - Summon Hydra          Summ           46%        N/A       2%          7
g - Spellforged Servitor  Conj/Summ      41%        N/A       13%         7
h - Ignite Poison         Fire/Alch      100%       N/A       1%          4
i - Irradiate             Conj/Alch      55%        3d30      1%          5
j - Plasma Beam           Fire/Air       36%        2x1d49    8%          6

Your spell library contained the following spells:

 Spells                   Type           Power      Damage    Failure   Level
 Sting                    Conj/Alch      100%       1d9       0%          1
 Summon Small Mammal      Summ           100%       N/A       0%          1
 Call Imp                 Summ           100%       N/A       0%          2
 Mercury Vapours          Alch/Air       100%       N/A       0%          2
 Call Canine Familiar     Summ           93%        N/A       0%          3
 Alistair's Intoxication  Alch           84%        N/A       0%          5
 Apportation              Tloc           82%        N/A       1%          1
 Foxfire                  Conj/Fire      100%       2x1d9     1%          1
 Magic Dart               Conj           100%       1d8       1%          1
 Shock                    Conj/Air       100%       1d9       1%          1
 Slow                     Hex            100%       N/A       1%          1
 Jinxbite                 Hex            82%        N/A       1%          2
 Lesser Beckoning         Tloc           82%        N/A       1%          2
 Scorch                   Fire           100%       2d9       1%          2
 Searing Ray              Conj           100%       2d8       1%          2
 Static Discharge         Conj/Air       100%       3-8/arc   1%          2
 Sublimation of Blood     Necr           41%        N/A       1%          2
 Dazzling Flash           Conj/Hex       100%       N/A       1%          3
 Inner Flame              Hex/Fire       65%        N/A       1%          3
 Volatile Blastmotes      Fire/Tloc      100%       2d18      1%          3
 Animate Armour           Summ/Erth      100%       N/A       1%          4
 Flame Wave               Conj/Fire      75%        2d17      1%          4
 Summon Blazeheart Golem  Fire/Summ      88%        N/A       1%          4
 Summon Lightning Spire   Summ/Air       79%        N/A       1%          4
 Summon Forest            Summ/Tloc      36%        N/A       1%          5
 Yara's Violent Unravell  Hex/Alch       50%        3d19      1%          5
 Summon Cactus Giant      Summ           46%        N/A       1%          6
 Iskenderun's Battlesphe  Conj           68%        2d12      2%          5
 Confusing Touch          Hex            41%        N/A       3%          3
 Fugue of the Fallen      Necr           41%        N/A       3%          3
 Gell's Gravitas          Tloc           41%        N/A       3%          3
 Ozocubu's Armour         Ice            41%        N/A       3%          3
 Sigil of Binding         Hex            41%        N/A       3%          3
 Teleport Other           Tloc           41%        N/A       3%          3
 Tukima's Dance           Hex            41%        N/A       3%          3
 Vampiric Draining        Necr           41%        2d8       3%          3
 Brom's Barrelling Bould  Conj/Erth      57%        2d7       3%          4
 Iskenderun's Mystic Bla  Conj/Tloc      57%        2d12      3%          4
 Starburst                Conj/Fire      37%        6d11      6%          6
 Anguish                  Hex/Necr       20%        N/A       10%         4
 Cause Fear               Hex            20%        N/A       10%         4
 Manifold Assault         Tloc           41%        N/A       10%         4
 Passage of Golubria      Tloc           41%        N/A       10%         4
 Lee's Rapid Deconstruct  Erth           20%        3d12*     26%         5
 Bombard                  Conj/Erth      28%        9d5       41%         6
 Ignition                 Fire           40%        3d12      73%         8
 Dispersal                Tloc           20%        N/A       83%         6
 Enfeeble                 Hex            20%        N/A       100%        7
 Disjunction              Tloc           20%        N/A       100%        8
 Maxwell's Capacitive Co  Air            31%        ∞         100%        8
 Chain Lightning          Conj/Air       32%        3d43      100%        9
 Fire Storm               Conj/Fire      37%        8d10      100%        9
 Shatter                  Erth           20%        3d18*     100%        9


Dungeon Overview and Level Annotations

Branches:
Dungeon (15/15)            Temple (1/1) D:5            Lair (5/5) D:10
 Shoals (4/4) Lair:2        Snake (4/4) Lair:3        Slime (5/5) Lair:4
    Orc (2/2) D:10            Elf (3/3) Orc:2        Vaults (5/5) D:13
  Crypt (0/3) Vaults:2     Depths (4/4) D:15            Zot (0/5) Depths:4
  Sewer (visited)         Gauntlet (visited)

Altars:
Ashenzari
Cheibriados
Dithmenos
Elyvilon
Fedhas
Gozag
Hepliaklqana
Kikubaaqudgha
Makhleb
Nemelex Xobeh
Okawaru
Qazlal
Ru
Sif Muna
Trog
Uskayaw
Vehumet
Wu Jian
Xom
Yredelemnul
Zin
The Shining One
Jiyva
Lugonu

Shops:
D:7 *   D:9 **   Orc:2 (::(   Elf:1 ?   Vaults:1 [   Vaults:2 *   Vaults:3 (
Vaults:4 (   Depths:2 ::=   Depths:3 :=!   Depths:4 *!*

Portals:
Hell: Depths:1 Depths:2 Depths:3 Depths:4
Abyss: Lair:5 Depths:1 Depths:3 Depths:4
Pandemonium: Depths:2
Ziggurat: Depths:2

Annotations:
D:6 exclusion: statue
D:11 2 transporters, Skimidon's ghost, journeyman VSIE
Slime:5 Royal Jelly
Elf:1 1 runed translucent door


Innate Abilities, Weirdness & Mutations

You are very small and have problems with some larger weapons.
You are too small for most types of armour.
You have supernaturally acute eyesight. (SInv)
You cover ground extremely quickly. (Speed+++)
You have sharp toenails.
You are clumsy. (Dex -2)
Armour fits poorly on your strangely shaped body.
You are frail. (-10% HP)


Message History

As you read the scroll of teleportation, it crumbles to dust.
You feel strangely unstable.
The acid blob festers in the toxic bog!
The acid blob looks as sick as possible!
The acid blob hits your spellforged servitor!!
Your spellforged servitor is splashed with acid.
Your spellforged servitor seems to be corroded for longer.
Your spellforged servitor is destroyed!
Your spellforged servitor disappears in a puff of smoke!
The acid blob festers in the toxic bog.
The acid blob looks as sick as possible!
An acid blob comes into view.
The quicksilver ooze festers in the toxic bog!
The quicksilver ooze looks as sick as possible!
You kill the quicksilver ooze!
The acid blob festers in the toxic bog!
The acid blob looks as sick as possible!
The acid blob spits acid at you. The splash of acid hits you!
Elyvilon protects you from harm! The acid corrodes you!
Your Shapeshifting skill increases to level 16!
You are healed.
The acid blob is engulfed in a cloud of scalding steam.
The acid blob festers in the toxic bog!
The acid blob looks as sick as possible!
The acid blob completely misses you.
The acid blob festers in the toxic bog!
The acid blob looks as sick as possible!
The acid blob festers in the toxic bog.
The acid blob looks as sick as possible!
The acid blob spits acid at you. The splash of acid hits you!!
* * * LOW HITPOINT WARNING * * *
The shining eye is engulfed in a cloud of scalding steam.
The acid blob festers in the toxic bog!
The acid blob looks as sick as possible!
The acid blob festers in the toxic bog!
The acid blob looks as sick as possible!
The acid blob spits acid at you. The splash of acid hits you!!
You die...

##.............^.J.
#....^...........J.
#..................
#.....~~~~.~~~§...
##....~~~~.~~J~...
#....~~~~§~.~~...
#....~~~G~§§~~J..
#..#..~~~J§J§.....
####..~~~@~~~~~...
#..~~~~~~~~~...
##.~~~~~~~~~...
#..~~~~~~~~...
###...........
###.........
##.........
#..........
#..........


You could see 3 acid blobs and a shining eye.

Vanquished Creatures
  2 dread liches
  An ancient lich (Vaults:5)
  A juggernaut (Depths:4)
  Saint Roka (Snake:2)
  Jorgrun (D:11)
  Mlioglotl (Shoals:4)
  A deep elf blademaster (Elf:3)
  Asterion (Snake:3)
  2 deep elf master archers (Elf:3)
  A titan (Vaults:5)
  14 acid blobs
  A lich (Depths:2)
  A sphinx (Vaults:5)
  Polyphemus (Shoals:4)
  Gastronok (Lair:2)
  Donald (Orc:2)
  2 tengu reavers
  4 nagarajas
  Kirke (D:14)
  4 rockslimes
  11 azure jellies
  A draconian monk (Depths:4)
  2 fire giants
  4 deep elf elementalists (Elf:3)
  4 frost giants
  12 vault wardens
  3 deep elf sorcerers
  10 quicksilver oozes
  An orc warlord (Vaults:1)
  11 ironbound preservers
  A draconian annihilator (Depths:4)
  A spriggan defender (Depths:2)
  5 ironbound thunderhulks
  10 formless jellyfish
  8 stone giants
  16 very ugly things
  3 vampire knights
  10 dire elephants
  4 deep elf demonologists
  7 deep elf annihilators
  6 deep elf death magi (Elf:3)
  A purple draconian (Depths:4)
  A minotaur (Gauntlet)
  A yellow draconian (Depths:4)
  Azrael (D:12)
  2 war gargoyles (Vaults:5)
  2 white draconians (Depths:4)
  3 spark wasps (Depths:2)
  Snorg (D:11)
  3 merfolk javelineers
  Josephine (D:13)
  15 yaktaur captains
  4 ettins
  6 merfolk impalers
  An entropy weaver (Vaults:4)
  2 deep elf high priests
  2 ogre magi (Vaults:5)
  5 ice dragons
  3 salamander tyrants (Snake:4)
  6 great orbs of eyes
  29 vault guards
  3 hydras
  3 spriggan air magi (Depths:2)
  Erolcha (Orc:1)
  6 centaur warriors
  9 merfolk aquamancers
  5 merfolk avatars
  A catoblepas (Shoals:4)
  A death knight (D:15)
  4 boulder beetles
  9 ironbound frosthearts
  4 alligator snapping turtles
  2 satyrs
  6 anacondas
  6 two-headed ogres
  A vampire mage (Depths:3)
  A thrashing horror (Lair:5)
  2 tengu warriors
  8 death yaks
  5 deep troll earth magi
  3 deep troll shamans
  12 naga warriors
  11 naga sharpshooters
  A soul eater (Depths:3)
  6 orc high priests
  A spriggan berserker (Depths:2)
  A sun demon (D:10)
  2 iron trolls
  A skeletal warrior (D:13)
  6 deep elf knights
  3 shock serpents (Snake:4)
  A shadow wraith (Vaults:5)
  Amaemon (Lair:2)
  5 sea snakes
  2 salamander mystics
  3 flayed ghosts
  6 arcanists
  A mana viper (shapeshifter) (Vaults:5)
  2 phantasmal warriors (Vaults:5)
  13 ironbound convokers
  3 glowing orange brains
  3 mana vipers
  2 naga ritualists
  35 deep trolls
  6 deep elf archers
  2 necromancers (Depths:1)
  8 lindwurms
  A lindwurm (shapeshifter) (Vaults:5)
  20 harpies
  Pikel (D:4)
  16 deep elf pyromancers
  8 deep elf zephyrmancers
  6 fauns
  9 shining eyes
  2 orc sorcerers
  An oklob plant (Lair:4)
  6 orc knights
  6 manticores
  A faun (shapeshifter) (Vaults:5)
  Maurice (D:10)
  5 cyclopes
  10 salamanders
  A rust devil (D:10)
  4 meliai
  23 elephants
  8 guardian serpents
  13 naga magi
  10 merfolk sirens
  4 water nymphs
  23 black mambas
  17 ugly things
  A molten gargoyle (Lair:1)
  21 vault sentinels
  2 kobold blastminers (Orc:2)
  A black mamba (shapeshifter) (Lair:5)
  An orange demon (Lair:2)
  2 gargoyles (D:12)
  9 cane toads
  A large abomination (Lair:5)
  A smoke demon (Lair:5)
  An unseen horror (shapeshifter) (D:13)
  2 eyes of devastation
  Maggie (Lair:1)
  54 yaktaurs
  7 rime drakes
  Jeremiah (D:7)
  3 freezing wraiths
  An efreet (D:15)
  A rime drake (shapeshifter) (Lair:5)
  8 komodo dragons
  Psyche (D:12)
  2 tengu conjurers
  An ice devil (D:10)
  38 merfolk
  4 polar bears
  10 trolls
  A merfolk (shapeshifter) (Vaults:5)
  A hellwing (D:10)
  A blink frog (shapeshifter) (Elf:3)
  2 wind drakes (Shoals:1)
  A troll (shapeshifter) (Elf:2)
  A deep troll zombie (Vaults:1)
  A hornet (Lair:2)
  26 blink frogs
  Prince Ribbit (Lair:3)
  Grinder (D:5)
  12 dream sheep
  82 slime creatures
  3 glass eyes
  3 snapping turtles
  A spriggan (shapeshifter) (Lair:5)
  17 water elementals
  A spriggan (Lair:5)
  2 vampires
  35 yaks
  5 wraiths
  5 wyverns
  4 fire elementals
  An unseen horror simulacrum (D:10)
  6 fire bats (Lair:1)
  2 steam dragons (Gauntlet)
  A warg (Snake:2)
  22 golden eyes
  7 basilisks
  2 hogs (D:14)
  2 chaos spawn
  4 vampire mosquitoes
  32 nagas
  An acid dragon (D:12)
  2 hell hounds (D:12)
  13 water moccasins
  22 nameless horrors
  A swamp worm (shapeshifter) (Vaults:5)
  2 ice beasts
  37 orc warriors
  3 laughing skulls (D:15)
  2 black bears
  16 wolves
  5 ogres
  7 centaurs
  A lemure (D:4)
  A phantom (D:4)
  A kobold brigand (D:8)
  3 scorpions (D:5)
  4 gnoll sergeants
  14 small abominations (Lair:5)
  11 bullfrogs
  11 wights
  5 killer bees (D:9)
  An electric eel (D:12)
  2 howler monkeys
  A lava snake (Lair:1)
  A bombardier beetle (D:5)
  A quasit (D:10)
  8 jellies
  28 orc priests
  11 hounds
  3 sleepcaps
  An iguana (shapeshifter) (Vaults:5)
  Ijyb (D:4)
  An iguana (D:5)
  25 orc wizards
  A centaur simulacrum (D:10)
  13 gnolls
  12 adders
  3 river rats (Sewer)
  A white imp (D:6)
  A howler monkey simulacrum (D:10)
  2 dart slugs (D:1)
  81 orcs
  15 endoplasms
  9 giant cockroaches
  14 goblins
  9 hobgoblins
  7 jackals (D:1)
  14 kobolds
  3 quokkas
  14 ball pythons
  3 bats
  9 frilled lizards
  9 rats
  5 butterflies (Vaults:2)
  6 fulminant prisms
  A spectral weapon (Snake:3)
1611 creatures vanquished.

Vanquished Creatures (collateral kills)
  A dread lich (Depths:2)
  An ancient lich (Vaults:5)
  A bone dragon (Depths:4)
  A tentacled monstrosity (Depths:3)
  2 liches
  2 titans (Vaults:5)
  2 walking divine tomes
  5 acid blobs
  A deep elf blademaster (Elf:3)
  3 sphinxes
  3 tengu reavers
  2 shadow dragons
  Agnes (Elf:1)
  An azure jelly (Slime:2)
  A fire giant (Vaults:5)
  A rockslime (Slime:4)
  Louise (D:14)
  10 vault wardens
  An iron dragon (Depths:2)
  3 frost giants
  A balrug (Depths:2)
  A formless jellyfish (Vaults:3)
  5 stone giants
  23 very ugly things
  4 quicksilver oozes
  6 ironbound preservers
  A caustic shrike skeleton (Depths:1)
  A draconian annihilator (Depths:4)
  2 deep elf death magi
  A red draconian (Depths:4)
  A deep elf demonologist (Vaults:5)
  A vampire knight (Depths:3)
  2 spark wasps
  A war gargoyle (Vaults:5)
  4 dire elephants (Vaults:3)
  4 ettins
  A deep elf high priest (Vaults:5)
  7 fire dragons
  An entropy weaver (Vaults:5)
  4 great orbs of eyes
  2 yaktaur captains
  2 ice dragons
  A spriggan air mage (Depths:1)
  A sphinx zombie (Depths:1)
  2 vault guards
  2 peacekeepers (Vaults:3)
  2 boulder beetles (D:15)
  An ogre mage (Vaults:5)
  12 dancing weapons
  2 two-headed ogres (Vaults:5)
  3 ironbound frosthearts (Vaults:5)
  8 tengu warriors
  5 deep troll earth magi
  2 thrashing horrors (Lair:5)
  A soul eater (Depths:2)
  A titan zombie (Depths:1)
  A spriggan berserker (Depths:3)
  A sun demon (Depths:2)
  2 vampire magi (Depths:1)
  A storm dragon zombie (Depths:1)
  A skyshark (Lair:4)
  A deep elf knight (Elf:1)
  8 skeletal warriors
  3 iron trolls (Depths:4)
  7 nameless horrors
  3 sea snakes (Shoals:4)
  2 flayed ghosts
  14 deep trolls
  A deep elf archer (Elf:1)
  3 glowing orange brains
  2 mana vipers (shapeshifter)
  A mana viper (Snake:3)
  2 lindwurms
  6 ironbound convokers
  A human zombie (Vaults:1)
  3 orc knights
  A necromancer (Vaults:1)
  2 phantasmal warriors (Depths:1)
  3 deep elf zephyrmancers
  10 harpies
  A sphinx simulacrum (Depths:1)
  14 ugly things
  A salamander (Snake:4)
  2 shining eyes
  3 deep elf pyromancers (Elf:1)
  3 manticores
  A guardian serpent (Snake:2)
  A cyclops (Shoals:4)
  An eye of devastation (Slime:4)
  2 vault sentinels (Vaults:5)
  2 black mambas
  A cane toad (shapeshifter) (D:13)
  4 naga magi
  2 smoke demons
  A cane toad (Lair:5)
  A tengu conjurer (Depths:1)
  A komodo dragon (shapeshifter) (D:13)
  5 yaktaurs
  A freezing wraith (Vaults:5)
  4 rime drakes
  2 spriggan zombies (Depths:1)
  A troll (D:13)
  A wind drake (Shoals:4)
  A raiju (Lair:5)
  A blink frog (Lair:5)
  A snapping turtle (Shoals:4)
  An air elemental (Elf:1)
  A shadow (D:11)
  A spriggan (shapeshifter) (Depths:4)
  27 slime creatures
  An ettin skeleton (Depths:1)
  10 water elementals
  A ynoxinul (Lair:5)
  4 wraiths
  4 yaks
  A basilisk (Lair:5)
  3 golden eyes (Slime:4)
  A hog (D:14)
  A vampire mosquito (D:11)
  A steam dragon (D:9)
  A naga (shapeshifter) (Vaults:5)
  3 nagas
  5 orc warriors
  3 laughing skulls
  An ogre (Orc:1)
  A human skeleton (Vaults:1)
  2 bullfrogs
  A wight (D:8)
  A killer bee (D:9)
  2 electric eels (D:10)
  10 orc priests
  A hound (D:10)
  3 orc wizards
  A gnoll (D:8)
  23 orcs
413 creatures vanquished.

Vanquished Creatures (others)
  A quicksilver dragon (Snake:4)
  A sphinx (Vaults:5)
  2 storm dragons
  A tengu reaver (Vaults:5)
  A fire giant (Vaults:5)
  An iron dragon (Vaults:5)
  A very ugly thing (Vaults:5)
  A deep elf demonologist (Vaults:5)
  A black draconian (Depths:4)
  An orc high priest (Orc:2)
  Sonja (D:10)
  A hell knight (Depths:3)
  2 lightning spires (Elf:1)
  A lindwurm (Vaults:2)
  5 ugly things
  A manticore (Shoals:3)
  A komodo dragon (Lair:1)
  2 rime drakes (D:14)
  A merfolk (Shoals:3)
  A spriggan (shapeshifter) (Vaults:5)
  A water elemental (Shoals:2)
  2 nagas
  4 orc warriors
  An ogre (Orc:1)
  A lava snake (Lair:1)
  2 orc wizards
  An orc (Vaults:5)
  53 blazeheart cores
  192 fulminant prisms
284 creatures vanquished.

Grand Total: 2308 creatures vanquished

Notes
Turn   | Place    | Note
-------+----------+-------------------------------------------
     0 | D:1      | Darold the Spriggan Alchemist began the quest for the Orb.
     0 | D:1      | Reached XP level 1. HP: 9/9 MP: 5/5
   193 | D:1      | Reached XP level 2. HP: 12/13 MP: 2/6
   687 | D:1      | Reached XP level 3. HP: 16/16 MP: 2/8
   691 | D:1      | Learned a level 3 spell: Mephitic Cloud
   838 | D:1      | Reached skill level 3 in Spellcasting
  1006 | D:1      | Reached skill level 1 in Conjurations
  1437 | D:2      | Reached XP level 4. HP: 21/21 MP: 10/10
  1484 | D:2      | Learned a level 4 spell: Olgreb's Toxic Radiance
  1566 | D:2      | Found a faded altar of an unknown god.
  2221 | D:2      | Reached skill level 1 in Throwing
  2354 | D:3      | Found a glowing drain.
  2375 | Sewer    | Entered a sewer
  2478 | Sewer    | Reached XP level 5. HP: 21/24 MP: 11/11
  2565 | Sewer    | Reached skill level 4 in Spellcasting
  2689 | Sewer    | Reached skill level 5 in Stealth
  2896 | Sewer    | Found a viscous altar of Jiyva.
  2914 | Sewer    | Reached XP level 6. HP: 27/28 MP: 13/13
  3325 | D:3      | Learned a level 4 spell: Sticky Flame
  4052 | D:4      | Reached XP level 7. HP: 29/32 MP: 14/14
  4227 | D:4      | Noticed Ijyb
  4407 | D:4      | Noticed Pikel
  4437 | D:4      | Killed Pikel
  4438 | D:4      | Reached skill level 1 in Short Blades
  4438 | D:4      | Reached skill level 5 in Dodging
  4438 | D:4      | Reached skill level 5 in Spellcasting
  4438 | D:4      | Reached skill level 1 in Fire Magic
  4716 | D:4      | Killed Ijyb
  4781 | D:4      | Reached XP level 8. HP: 26/36 MP: 16/16
  4894 | D:4      | Reached skill level 5 in Alchemy
  5081 | D:5      | Entered Level 5 of the Dungeon
  5231 | D:5      | Noticed Grinder
  5241 | D:5      | Killed Grinder
  5245 | D:5      | Found a staircase to the Ecumenical Temple.
  5534 | D:5      | Reached XP level 9. HP: 39/39 MP: 18/18
  5674 | Temple   | Entered the Ecumenical Temple
  5690 | Temple   | Became a worshipper of Elyvilon the Healer
  5875 | D:6      | Identified the +7 quarterstaff "Dirarat" {venom, rN++ rCorr
                  | Str-3 Int+2}
  6257 | D:6      | Reached * piety under Elyvilon
  6263 | D:6      | Found a radiant altar of Vehumet.
  6682 | D:6      | Learned a level 4 spell: Fulminant Prism
  6813 | D:7      | Reached skill level 6 in Spellcasting
  6825 | D:7      | Noticed Jeremiah
  6828 | D:7      | Reached skill level 1 in Invocations
  6850 | D:7      | Killed Jeremiah
  7210 | D:7      | Noticed a two-headed ogre
  7220 | D:7      | Killed a two-headed ogre
  7754 | D:7      | Reached skill level 10 in Stealth
  7810 | D:7      | Reached ** piety under Elyvilon
  7901 | D:7      | Found Uhef's Gadget Gallery.
  8096 | D:7      | Reached skill level 1 in Fighting
  8398 | D:8      | Reached skill level 5 in Throwing
  8398 | D:8      | Reached XP level 10. HP: 45/45 MP: 21/21
  8842 | D:8      | Found a sparkling altar of Nemelex Xobeh.
  9266 | D:9      | Reached skill level 7 in Spellcasting
  9305 | D:9      | Identified the +4 falchion of the Modern Thickets {vamp,
                  | Will+ Dex+2}
  9955 | D:9      | Reached *** piety under Elyvilon
  9979 | D:9      | Found Zysinap's Specific Store.
  9980 | D:9      | Found Buax's General Store.
  9984 | D:9      | Bought a scarf of shadows for 144 gold pieces
 10160 | D:10     | Entered Level 10 of the Dungeon
 10166 | D:10     | Reached skill level 1 in Air Magic
 10253 | D:10     | Found a staircase to the Orcish Mines.
 10275 | D:10     | Noticed Sonja
 10278 | D:10     | Noticed a rust devil
 10281 | D:10     | Killed a rust devil
 10282 | D:10     | Killed Sonja
 10283 | D:10     | Reached skill level 8 in Spellcasting
 10484 | D:10     | Reached XP level 11. HP: 43/49 MP: 22/24
 10568 | D:10     | Reached skill level 5 in Invocations
 10745 | D:10     | Found a broken altar of Ashenzari.
 10787 | D:10     | Noticed a sun demon
 10788 | D:10     | Found a staircase to the Lair.
 11367 | D:10     | Killed a sun demon
 11368 | D:10     | Reached skill level 9 in Spellcasting
 11368 | D:10     | Reached skill level 5 in Fire Magic
 11837 | D:10     | Found a burning altar of Makhleb.
 11852 | D:10     | Found an ornate altar of the Wu Jian Council.
 11935 | D:10     | Reached **** piety under Elyvilon
 12106 | D:10     | Noticed Maurice
 12121 | D:10     | Killed Maurice
 12445 | D:10     | Found a hazy altar of Hepliaklqana.
 12758 | D:11     | Noticed a two-headed ogre
 12774 | D:11     | Killed a two-headed ogre
 12879 | D:11     | Reached XP level 12. HP: 50/53 MP: 6/26
 13034 | D:11     | Noticed Skimidon's ghost (journeyman VSIE)
 13088 | D:11     | Found a transporter.
 13105 | D:11     | Found a transporter.
 13137 | D:11     | Reached ***** piety under Elyvilon
 13179 | D:11     | Identified the +0 scale mail of Vudakimm {rF- Regen+ Int+9
                  | Stlth-}
 13199 | D:11     | Noticed Snorg
 13460 | D:11     | Killed Snorg
 13461 | D:11     | Reached skill level 10 in Spellcasting
 13745 | D:11     | Noticed a five-headed hydra
 13972 | D:10     | Noticed a two-headed ogre
 13981 | D:10     | Killed a two-headed ogre
 14007 | Orc:1    | Entered Level 1 of the Orcish Mines
 14253 | Orc:1    | Reached skill level 10 in Dodging
 14402 | Orc:2    | Entered Level 2 of the Orcish Mines
 14489 | Orc:2    | Noticed an orc high priest
 14499 | Orc:2    | Killed an orc high priest
 14513 | Orc:2    | Reached skill level 1 in Armour
 14790 | Orc:2    | Found a staircase to the Elven Halls.
 14944 | Orc:2    | Noticed Donald
 15003 | Orc:2    | Reached skill level 11 in Spellcasting
 15177 | Orc:2    | Killed Donald
 15374 | Orc:2    | Noticed an orc high priest
 15395 | Orc:2    | Killed an orc high priest
 15396 | Orc:2    | Reached skill level 10 in Alchemy
 15429 | Orc:2    | Noticed an orc high priest
 15429 | Orc:2    | Noticed an orc high priest
 15439 | Orc:2    | Killed an orc high priest
 15443 | Orc:2    | Killed an orc high priest
 15453 | Orc:2    | Noticed an orc high priest
 15482 | Orc:2    | Killed an orc high priest
 15585 | Orc:2    | Noticed an orc high priest
 15592 | Orc:2    | Killed an orc high priest
 15703 | Orc:2    | Reached XP level 13. HP: 55/57 MP: 19/29
 15741 | Orc:2    | Found Urer Dyc's Weapon Emporium.
 15741 | Orc:2    | Found Mazofi's Book Emporium.
 15742 | Orc:2    | Found Zimeizup's Book Shoppe.
 15742 | Orc:2    | Found Maboycs's Antique Weapon Emporium.
 15748 | Orc:2    | Bought a Fen Folio for 588 gold pieces
 15748 | Orc:2    | Bought a book of Callings for 308 gold pieces
 15928 | Orc:2    | Learned a level 6 spell: Eringya's Noxious Bog
 16079 | Orc:1    | Reached skill level 12 in Spellcasting
 16098 | Orc:1    | Noticed Erolcha
 16114 | Orc:1    | Killed Erolcha
 16274 | Orc:2    | Learned a level 4 spell: Fulminant Prism
 16279 | Orc:2    | Learned a level 4 spell: Summon Blazeheart Golem
 16641 | Lair:1   | Entered Level 1 of the Lair of Beasts
 16888 | Lair:1   | Noticed Maggie
 16941 | Lair:1   | Killed Maggie
 17462 | Lair:1   | Reached skill level 1 in Summonings
 17632 | Lair:1   | Reached skill level 13 in Spellcasting
 18405 | Lair:2   | Found a gate leading to a gauntlet.
 18428 | Gauntlet | Entered a Gauntlet
 18428 | Gauntlet | Found a transporter.
 18526 | Gauntlet | Found a transporter.
 18529 | Gauntlet | Found a transporter.
 18530 | Gauntlet | Found a transporter.
 18538 | Gauntlet | Found a transporter.
 18541 | Gauntlet | Found a transporter.
 18542 | Gauntlet | Found a transporter.
 18554 | Gauntlet | Found a transporter.
 18561 | Gauntlet | Found a transporter.
 18561 | Gauntlet | Found a transporter.
 18566 | Gauntlet | Found a transporter.
 18567 | Gauntlet | Found a transporter.
 18574 | Gauntlet | Noticed a blizzard demon
 18575 | Gauntlet | Found a transporter.
 18599 | Gauntlet | Found a transporter.
 18720 | Gauntlet | Identified the +0 sling of Indomitability {flame, Int+5}
 18720 | Gauntlet | Noticed a minotaur
 18735 | Gauntlet | Killed a minotaur
 18742 | Gauntlet | Identified the +1 hand axe "Duyroph" {holy, ^Contam Int+5}
 18955 | Lair:2   | Noticed Gastronok
 18993 | Lair:2   | Killed Gastronok
 19189 | Lair:2   | Reached ****** piety under Elyvilon
 19519 | Lair:2   | Found a staircase to the Shoals.
 19787 | Lair:2   | Noticed Amaemon
 19795 | Lair:2   | Killed Amaemon
 20439 | Lair:3   | Reached XP level 14. HP: 61/61 MP: 27/32
 20537 | Lair:3   | Found a staircase to the Snake Pit.
 20701 | Lair:3   | Noticed Prince Ribbit
 20707 | Lair:3   | Killed Prince Ribbit
 20834 | Lair:3   | Reached skill level 14 in Spellcasting
 20918 | Lair:3   | Identified the +0 ring mail "Typtaqimm" {Will+}
 20942 | Lair:3   | Learned a level 6 spell: Summon Cactus Giant
 21918 | Lair:4   | Found a viscous altar of Jiyva.
 21918 | Lair:4   | Found a staircase to the Slime Pits.
 22621 | Lair:5   | Entered Level 5 of the Lair of Beasts
 23409 | Lair:5   | Reached skill level 15 in Spellcasting
 24312 | Lair:5   | Reached XP level 15. HP: 52/65 MP: 15/35
 24629 | Lair:5   | Found a corrupted altar of Lugonu.
 24629 | Lair:5   | Found a one-way gate to the infinite horrors of the Abyss.
 24633 | Lair:5   | Identified the ring of Freedom {^Contam rPois rF+ Int+3}
 25225 | Snake:1  | Entered Level 1 of the Snake Pit
 26318 | Snake:2  | Reached skill level 10 in Invocations
 26405 | Snake:2  | Noticed a nagaraja
 26428 | Snake:2  | Killed a nagaraja
 27003 | Snake:2  | Noticed Saint Roka
 27758 | Snake:2  | Found a blossoming altar of Fedhas.
 27957 | Snake:2  | Killed Saint Roka
 28900 | Snake:3  | Identified the ring of Letakk {Int+6 Slay+4}
 28927 | Snake:3  | Reached skill level 5 in Summonings
 29060 | Snake:3  | Reached skill level 16 in Spellcasting
 29133 | Snake:3  | Noticed Asterion
 30315 | Snake:3  | Killed Asterion
 30316 | Snake:3  | Reached skill level 5 in Conjurations
 30440 | Snake:4  | Entered Level 4 of the Snake Pit
 30516 | Snake:4  | Reached skill level 15 in Dodging
 30536 | Snake:4  | Noticed a nagaraja
 30567 | Snake:4  | Killed a nagaraja
 30568 | Snake:4  | Reached XP level 16. HP: 42/69 MP: 18/37
 31560 | Snake:4  | Reached skill level 17 in Spellcasting
 31975 | Snake:4  | Noticed a quicksilver dragon
 31980 | Snake:4  | Pacified a quicksilver dragon
 31990 | Snake:4  | Killed a quicksilver dragon
 32403 | Snake:4  | Got a serpentine rune of Zot
 33343 | Elf:1    | Entered Level 1 of the Elven Halls
 33551 | Shoals:1 | Entered Level 1 of the Shoals
 35262 | Shoals:2 | Reached skill level 15 in Alchemy
 35401 | Shoals:2 | Found the ring of the Mage {Wiz Archmagi}
 35715 | Shoals:2 | Reached XP level 17. HP: 71/72 MP: 13/39
 36026 | Shoals:3 | Reached skill level 18 in Spellcasting
 36086 | Shoals:3 | Found a flickering gateway to a bazaar.
 36106 | Bazaar   | Entered a bazaar
 36112 | Bazaar   | Found Mawnipiz's Book Shop.
 36126 | Bazaar   | Found Dalap's Book Shop.
 36163 | Bazaar   | Bought a manual of Spellcasting for 720 gold pieces
 36191 | Bazaar   | Bought an Everburning Encyclopedia for 342 gold pieces
 36191 | Bazaar   | Bought a book of Power for 378 gold pieces
 36202 | Bazaar   | Learned a level 4 spell: Ignite Poison
 36599 | Shoals:2 | Upgraded the game from 0.31.0-10-gcf4a605ca0 to
                  | 0.31.0-11-ge490571c62
 37539 | Shoals:4 | Entered Level 4 of the Shoals
 37734 | Shoals:4 | Identified the +8 shortbow "Arcanum" {flame, rC+ Int+2
                  | Dex+3}
 37795 | Shoals:4 | Noticed Mlioglotl
 37812 | Shoals:4 | Killed Mlioglotl
 38153 | Shoals:4 | Reached skill level 19 in Spellcasting
 38240 | Shoals:4 | Got a barnacled rune of Zot
 38336 | Shoals:4 | Identified the +1 chain mail of Fyloonu {Rampage}
 38576 | Shoals:4 | Noticed Polyphemus
 38585 | Shoals:4 | Killed Polyphemus
 39450 | Shoals:4 | Identified the +2 battleaxe of the Big Fish {drain, Str+5
                  | Dex+2 SInv}
 40111 | Elf:1    | Found a runed translucent door.
 40204 | Elf:1    | Reached XP level 18. HP: 42/79 MP: 15/42
 40457 | Elf:1    | Noticed Agnes
 40853 | Elf:1    | Found Cesoh's Magic Scroll Shoppe.
 40868 | Elf:1    | Killed Agnes
 40875 | Elf:1    | Bought a scroll of enchant armour for 120 gold pieces
 40875 | Elf:1    | Bought a scroll of teleportation for 48 gold pieces
 40922 | Elf:1    | Identified the +1 quarterstaff of the Crawling Thing
                  | {spect, rF+ rC+ Will++ rCorr}
 41004 | Elf:1    | HP: 3/81 [+0 hand axe of electrocution (20)]
 41055 | Elf:1    | Reached skill level 20 in Spellcasting
 41756 | Elf:3    | Entered Level 3 of the Elven Halls
 42351 | Elf:3    | Noticed an Ice Fiend
 43131 | Elf:3    | Identified the +1 falchion "Atulu" {distort, Fly rC+ rN+++
                  | Stlth-}
 43463 | Elf:3    | Reached skill level 21 in Spellcasting
 43545 | Elf:3    | Identified the +10 dagger "Histiz" {speed, ^Drain rCorr
                  | Int-5 Dex+5}
 43649 | Elf:3    | Identified the ring of Heuriemn {rF+ Will+ rCorr Str+4}
 43656 | Elf:3    | Identified the +7 quarterstaff "Asatsoh" {protect, ^Drain
                  | rN+++ Str+4 SInv}
 43656 | Elf:3    | Identified the amulet of Eternal Harmony {rF+ rC+ Regen+
                  | rCorr}
 43769 | Elf:3    | HP: 4/80 [ghostly deep elf death mage/bolt of negative
                  | energy (21)]
 43977 | Elf:3    | Got Sif Muna's Annotations on Amassed Momentum
 43980 | Elf:3    | Found the +9 staff of Olgreb {rPois∞}
 44000 | Elf:3    | Got the Volume of Destruction
 44015 | Elf:3    | Identified the staff of Massacring {rN+ Conj Necro Ice}
 44205 | Elf:3    | Learned a level 7 spell: Summon Hydra
 44380 | D:12     | Noticed Psyche
 44384 | D:12     | Killed Psyche
 44491 | D:12     | Noticed Azrael
 44513 | D:12     | Elyvilon protects you from harm!
 44517 | D:12     | Noticed Jorgrun
 44818 | D:11     | Killed Jorgrun
 44891 | D:11     | Learned a level 5 spell: Irradiate
 44975 | D:12     | HP: 4/84 [Azrael/damnation (38)]
 44981 | D:12     | Elyvilon protects you from harm!
 45254 | D:12     | Killed Azrael
 45702 | D:13     | Reached skill level 5 in Fighting
 45726 | D:13     | Noticed Josephine
 45739 | D:13     | Killed Josephine
 46258 | D:13     | Found a gate to the Vaults.
 46569 | Vaults:1 | Entered Level 1 of the Vaults
 46575 | Vaults:1 | Identified the +0 robe of Trial and Error {Int+6}
 46749 | Vaults:1 | Reached XP level 19. HP: 59/88 MP: 30/45
 46759 | Vaults:1 | Reached skill level 22 in Spellcasting
 47253 | Vaults:1 | Found Foidiefi's Antique Armour Boutique.
 48893 | Vaults:1 | Reached skill level 23 in Spellcasting
 50492 | Vaults:2 | Found a staircase to the Crypt.
 50492 | Vaults:2 | Found an ancient bone altar of Kikubaaqudgha.
 50494 | Vaults:2 | Found a basalt altar of Yredelemnul.
 50722 | Vaults:2 | Found Keixtira's General Store.
 50869 | Vaults:2 | Found a huge runed translucent gate.
 50869 | Vaults:2 | Found a huge runed translucent gate.
 50869 | Vaults:2 | Found a huge runed translucent gate.
 50869 | Vaults:2 | Found a huge runed translucent gate.
 50869 | Vaults:2 | Found a huge runed translucent gate.
 50870 | Vaults:2 | Found a huge runed translucent gate.
 50870 | Vaults:2 | Found a huge runed translucent gate.
 50870 | Vaults:2 | Found a huge runed translucent gate.
 50870 | Vaults:2 | Found a huge runed translucent gate.
 50871 | Vaults:2 | Found a huge runed translucent gate.
 50872 | Vaults:2 | Found a huge runed translucent gate.
 50873 | Vaults:2 | Found a huge runed translucent gate.
 50873 | Vaults:2 | You fall into a shaft and drop 1 floor!
 51287 | Vaults:3 | Reached XP level 20. HP: 72/95 MP: 39/48
 52536 | Vaults:3 | Noticed a golden dragon
 52539 | Vaults:3 | Pacified a golden dragon
 53209 | Vaults:3 | Found Tuegeh's Weapon Emporium.
 53430 | Vaults:3 | Identified the +0 robe of Werch {Will+}
 53620 | Vaults:4 | Found Weamnopo's Weapon Shoppe.
 53952 | Vaults:4 | Reached skill level 24 in Spellcasting
 54675 | Vaults:4 | Reached skill level 10 in Summonings
 56001 | Vaults:2 | Found a huge runed translucent gate.
 56003 | Vaults:2 | Found a huge runed translucent gate.
 56003 | Vaults:2 | Found a huge runed translucent gate.
 56003 | Vaults:2 | Found a huge runed translucent gate.
 56003 | Vaults:2 | Found a huge runed translucent gate.
 56003 | Vaults:2 | Found a huge runed translucent gate.
 56004 | Vaults:2 | Found a huge runed translucent gate.
 56005 | Vaults:2 | Found a huge runed translucent gate.
 56006 | Vaults:2 | Found a huge runed translucent gate.
 56007 | Vaults:2 | Found a huge runed translucent gate.
 56008 | Vaults:2 | Found a huge runed translucent gate.
 56009 | Vaults:2 | Found a huge runed translucent gate.
 56010 | Vaults:2 | Found a huge runed translucent gate.
 56010 | Vaults:2 | Found a huge runed translucent gate.
 56014 | Vaults:2 | Found a huge runed translucent gate.
 56015 | Vaults:2 | Found a huge runed translucent gate.
 56016 | Vaults:2 | Found a huge runed translucent gate.
 56018 | Vaults:2 | Found a huge runed translucent gate.
 56019 | Vaults:2 | Found a huge runed translucent gate.
 56020 | Vaults:2 | Found a huge runed translucent gate.
 56021 | Vaults:2 | Found a huge runed translucent gate.
 56022 | Vaults:2 | Found a huge runed translucent gate.
 56022 | Vaults:2 | Found a huge runed translucent gate.
 56026 | Vaults:2 | Found a huge runed translucent gate.
 56168 | Vaults:2 | Reached XP level 21. HP: 102/102 MP: 50/50
 56819 | D:14     | Noticed Louise
 56832 | D:14     | Killed Louise
 57050 | D:14     | Noticed Kirke
 57055 | D:14     | Killed Kirke
 57728 | D:14     | Found the +4 skin of Zhor {*Englaciate rC+++ SInv}
 58121 | D:15     | Entered Level 15 of the Dungeon
 58646 | D:15     | Reached XP level 22. HP: 106/106 MP: 44/51
 58904 | D:15     | Identified the blade talisman of Fedhas's Castigation
                  | {Dex+3}
 59005 | D:15     | Found a staircase to the Depths.
 59066 | D:15     | Found an iron altar of Okawaru.
 59198 | Depths:1 | Entered Level 1 of the Depths
 60036 | Depths:1 | Found a gateway to Hell.
 60829 | Depths:1 | Found a glowing golden altar of the Shining One.
 61320 | Depths:2 | Noticed a dread lich
 61321 | Depths:2 | Noticed a dread lich
 61325 | Depths:2 | Found a one-way gateway to a ziggurat.
 61700 | Depths:2 | Found Exuitzy's Book Shoppe.
 61701 | Depths:2 | Found Bam Saos's Jewellery Shop.
 61702 | Depths:2 | Found Fuollom's Book Shoppe.
 61721 | Depths:2 | Bought a granite talisman for 1200 gold pieces
 61723 | Depths:2 | Bought the Almanac of the Coals and Striking for 408 gold
                  | pieces
 61732 | Depths:2 | Learned a level 6 spell: Plasma Beam
 62478 | Depths:2 | Reached skill level 1 in Shapeshifting
 62485 | Depths:2 | Found a one-way gate leading to the halls of Pandemonium.
 63033 | Depths:2 | Reached skill level 15 in Invocations
 63085 | Depths:2 | Noticed a golden dragon
 63091 | Depths:2 | Pacified a golden dragon
 63092 | Depths:2 | Reached skill level 25 in Spellcasting
 63776 | Depths:2 | Noticed a golden dragon
 63785 | Depths:2 | Pacified a golden dragon
 64519 | Depths:2 | Killed a dread lich
 64520 | Depths:2 | Reached skill level 1 in Evocations
 64532 | Depths:2 | Killed a dread lich
 64819 | Depths:3 | Reached XP level 23. HP: 70/112 MP: 22/53
 65065 | Depths:3 | Found Suxun's Book Shoppe.
 65068 | Depths:3 | Found Acucw's Jewellery Emporium.
 65071 | Depths:3 | Identified the +1 robe of Cisac {rC+}
 65072 | Depths:3 | Found Aravet's Distillery.
 65109 | Depths:3 | Bought a potion of mutation for 88 gold pieces
 65109 | Depths:3 | Bought a potion of mutation for 88 gold pieces
 65109 | Depths:3 | Bought a potion of brilliance for 44 gold pieces
 65345 | Depths:3 | Found a corrupted altar of Lugonu.
 66410 | Depths:4 | Entered Level 4 of the Depths
 66410 | Depths:4 | Found Ydefajuk's General Store.
 66410 | Depths:4 | Found Xytwywn's General Store.
 66491 | Depths:4 | Found Osug's Distillery.
 66562 | Depths:4 | Bought a potion of experience for 1000 gold pieces
 66563 | Depths:4 | Reached XP level 24. HP: 118/118 MP: 53/53
 66798 | Depths:4 | Reached skill level 5 in Shapeshifting
 67086 | Depths:4 | Noticed a juggernaut
 67095 | Depths:4 | Killed a juggernaut
 68244 | Depths:4 | Found a gate to the Realm of Zot.
 68874 | Vaults:5 | Entered Level 5 of the Vaults
 69441 | Vaults:5 | Identified the +1 long sword of Crawling {heavy, *Rage
                  | rPois Int+6}
 69441 | Vaults:5 | Identified the +2 leather armour "Wefuban" {Str+2}
 69965 | Vaults:5 | Found the crystal ball of Wucad Mu {*channel}
 70250 | Vaults:5 | Got a silver rune of Zot
 70258 | Vaults:5 | Noticed a dread lich
 70978 | Vaults:5 | Learned a level 7 spell: Spellforged Servitor
 71131 | Vaults:5 | Reached skill level 26 in Spellcasting
 71380 | Vaults:5 | Noticed an ancient lich
 71406 | Vaults:5 | Reached XP level 25. HP: 114/115 MP: 35/54
 71419 | Vaults:5 | Killed an ancient lich
 71603 | Vaults:5 | Noticed an ancient lich
 71946 | Vaults:5 | Identified the +3 spear "Imp's Demise" {speed, Int+3}
 72550 | Vaults:5 | Reached skill level 10 in Fighting
 72750 | Vaults:5 | Killed a dread lich
 72852 | Vaults:5 | Killed an ancient lich
 73561 | Slime:1  | Entered Level 1 of the Pits of Slime
 73599 | Slime:1  | Reached skill level 10 in Shapeshifting
 74146 | Slime:2  | Gained mutation: Armour fits poorly on your strangely
                  | shaped body. [a shining eye]
 74768 | Slime:3  | Gained mutation: You are clumsy. (Dex -2) [a shining eye]
 75281 | Slime:4  | Gained mutation: You have sharp toenails. [a shining eye]
 75457 | Slime:4  | Gained mutation: Your muscles are strong. (Str +4, Int/Dex
                  | -1) [a shining eye]
 76057 | Slime:5  | Entered Level 5 of the Pits of Slime
 76401 | Slime:4  | Reached skill level 15 in Shapeshifting
 76937 | Slime:5  | Noticed the Royal Jelly
 76992 | Slime:5  | Lost mutation: Your muscles are strong. (Str +4, Int/Dex
                  | -1) [a shining eye]
 76994 | Slime:5  | Gained mutation: You are frail. (-10% HP) [a shining eye]
 76999 | Slime:5  | HP: 3/110 [acid blob/splash of acid (27)]
 77001 | Slime:5  | Elyvilon protects you from harm!
 77003 | Slime:5  | Killed from afar by an acid blob

Illustrated notes

Levels and vault maps discovered:
D:1:      minmay_arrival_jagged, layout_loops_ring, minmay_tromino_v7
D:2:      layout_loops_corners, shapermc_ecumenical_altar_mp_urbaneastern
D:3:      layout_basic, portal_sewer_entry_f
D:4:      layout_cave_pools, uniq_pikel, uniq_ijyb
D:5:      layout_rooms, minmay_temple_entry_stoned_glass,
          serial_library_regret_index_branch_corner, uniq_grinder
D:6:      layout_basic, vehumet_statue, hangedman_decor_peaks_small,
          roderic_lattice_a, hangedman_glass_teeth
D:7:      layout_basic, serial_glass, glass_columns_a, glass_columns_a,
          nicolae_shop_gadgets, uniq_jeremiah
D:8:      layout_basic, lemuel_doored_altar, minmay_manual_macuahuitl
D:9:      layout_basic, nicolae_specific_store, nrook_campfire
D:10:     minmay_coctagon, layout_gridville, nicolae_overflow_quartered_altars,
          erik_lair_island, david_orc_2, serial_demonic, serial_demonic_e,
          serial_demonic_g, serial_demonic_a, serial_demonic_b,
          dk_noncrumbling_4, uniq_maurice, uniq_sonja
D:11:     layout_basic, gammafunk_ghost_berserking_beasts, uniq_snorg
D:12:     layout_cave_pools, serial_bayou, serial_bayou_crossing,
          serial_bayou_pond_e, serial_bayou_pond_e, serial_bayou_lagoon_a,
          uniq_azrael, uniq_psyche, uniq_jorgrun
D:13:     layout_rooms, hellmonk_vaults_order_and_chaos, minmay_checkerbox,
          uniq_josephine
D:14:     layout_roguey, chequers_avenue, hellmonk_guarded_unrand_zhor,
          uniq_kirke, uniq_louise
D:15:     grunt_enter_depths_hoard, layout_rooms, okawaru_ov_weapons_minmay
Temple:   eino_temple_rhombus
Lair:1:   layout_chaotic_city, minivault_25, lemuel_fruit_fields, uniq_maggie
Lair:2:   layout_cellular_growth, elwin_shoals_entry_stream,
          gauntlet_entry_generic, uniq_amaemon, uniq_gastronok
Lair:3:   layout_regular_city, nicolae_snake_entry_squirm, grunt_megastairs_5,
          lemuel_fruit_tree, uniq_prince_ribbit2
Lair:4:   layout_regular_city, dpeg_slime_entry_enclosed, grunt_megastairs_1
Lair:5:   hellmonk_lair_end_abyssal_woods, layout_misc_corridors,
          patterned_corridor, grunt_megastairs_4
Shoals:1: layout_shoals
Shoals:2: layout_shoals
Shoals:3: layout_shoals, serial_shops, bzr_entry_gold
Shoals:4: shoals_end_hangedman, layout_shoals, uniq_polyphemus, uniq_mlioglotl
Snake:1:  layout_rooms, nicolae_snake_gridmaze_big_u
Snake:2:  layout_layer_cave, basic_altar, uniq_saint_roka
Snake:3:  layout_cave_town, uniq_asterion
Snake:4:  hellmonk_snake_rune_quicksilver_temple, layout_cave_town
Slime:1:  layout_caves
Slime:2:  layout_caves
Slime:3:  layout_caves
Slime:4:  cheibrodos_slime_lost_civilization_9, layout_caves,
          nicolae_slime_round_cave
Slime:5:  slime_pit
Orc:1:    layout_caves, minmay_orc_temple_a, uniq_erolcha
Orc:2:    st_orc_pillars, layout_caves, uniq_donald
Elf:1:    layout_loops_cross, portal_desolation_entry_ruin, serial_shops, shop,
          nicolae_elf_crossing_hall, hangedman_aerie_drop, uniq_agnes
Elf:2:    elven_hall_of_blades_hangedman_original
          [nicolae_blade_entry_antechamber], layout_onion_city, serial_glass,
          glass_columns_b, glass_columns_a, lemuel_upstairs_altar
Elf:3:    elf_hall, layout_loops_cross
Vaults:1: vaults_mumra_chevron, vaults_room_pools, vaults_room_ringed_pool,
          nicolae_vaults_windows_and_doors_thing, hangedman_vaults_pinch,
          hangedman_vaults_stream, nicolae_vaults_tetromino_T_2,
          nicolae_vaults_storage_closets_1, grunt_vaults_focal,
          nicolae_vaults_closet_pinwheel_4, vaults_room_pool,
          layout_vaults_omnigrid, serial_shops, shop
Vaults:2: nicolae_vaults_closet_pinwheel_3, vaults_room_fours,
          vaults_room_fancy_cross, minmay_crypt_entry_necro_gods,
          nicolae_vaults_theta, not_door_vault_mu,
          nicolae_vaults_little_squares_2, hangedman_vaults_trim,
          ontoclasm_vaults_gateway, nicolae_vaults_layer_cake_slice,
          nicolae_vaults_yaktaur_gun_rack, layout_vaults_big_room, serial_shops,
          nicolae_shop_trees
Vaults:3: nicolae_vaults_storage_room_water, ontoclasm_vaults_spin,
          ontoclasm_vaults_twist, vaults_room_large_hall,
          nicolae_vaults_hallways_thing, nicolae_vaults_six-pack,
          nicolae_vaults_doubleplus_tesselated, nicolae_vaults_steering_wheel,
          nicolae_vaults_ninety_degrees, nicolae_vaults_apartment_1,
          nicolae_vaults_taking_the_gang_shopping,
          nicolae_vaults_variable_pillar_hall, st_spiral_rooms,
          nicolae_vaults_trapezoid_lopsided_3, grunt_vaults_hallway_short,
          vaults_room_pools, nicolae_vaults_specimen_jars, layout_vaults_ring
Vaults:4: vaults_room_grid, dpeg_vaults_monster_row, vaults_room_fancy_cross,
          hangedman_vaults_capsules, nicolae_vaults_little_squares_1,
          hangedman_vaults_unwind, v_pattern_2, nicolae_vaults_angled_halls,
          nicolae_vaults_shelves_hall, v_rooms_4, vaults_room_octagon,
          vaults_room_fancy_cross, nicolae_vaults_big_ls, layout_vaults_omnibox,
          serial_shops, shop
Vaults:5
Depths:1: layout_gridlike, nrook_mini_vaults, hell_entry, abyss_entry_crystal,
          nicolae_tso_swordbearing_angel, grunt_megastairs_2
Depths:2: lemuel_traditional_vault, layout_basic, enter_ziggurat_d,
          interstate_on_off, rand_demon_pan_entry_3, lightli_too_deep,
          minmay_staircase_bubble, serial_bayou_shore_b, minmay_shop_grove
Depths:3: minmay_stepped, layout_basic, abyss_entry_flame_altar,
          hangedman_tar_grid_catacomb, hangedman_decor_points,
          infiniplex_staircase_zigzag_1, minmay_shop_star
Depths:4: grunt_zot_entry_hairpin, layout_cave_shapes, pf_coc_iceberg,
          serial_shops, shop, shop, nicolae_shop_stone, corexii_hall_statues_x,
          abyss_entry

Skill      XL: |  1  2  3  4  5  6  7  8  9 10 11 12 13 14 15 16 17 18 19 20 21 22 23 24 25 |
---------------+----------------------------------------------------------------------------+-----
Dodging        | 3 4 5 6 7 8 9 11 12 14 15 16 17 18 19 20 21 | 21.2
Spellcasting   | 3 4 5 6 8 9 11 13 15 16 17 19 21 23 24 25 26 | 26.2
Conjurations   | 1 2 3 4 5 |  5.8
Stealth        | 4 5 6 7 9 10 11 12 | 12.2
Alchemy        | 4 5 6 7 8 10 11 12 13 15 16 17 18 | 18.6
Throwing       | 1 2 3 5 6 |  6.3
Short Blades   | 1 2 3 |  3.7
Fire Magic     | 1 2 3 4 5 6 7 8 9 |  9.9
Invocations    | 3 4 6 7 8 9 10 11 12 13 14 15 16 | 16.0
Fighting       | 1 3 5 6 7 8 9 10 | 10.0
Air Magic      | 1 2 3 4 |  4.3
Armour         | 1 2 3 |  3.7
Summonings     | 2 4 5 6 7 8 9 10 11 12 13 14 | 14.2
Shapeshifting  | 4 7 16 | 16.0
Evocations     | 1 |  1.1
Staves         | |  0.5
Unarmed Combat | |  0.1

Action                     |  1- 3 |  4- 6 |  7- 9 | 10-12 | 13-15 | 16-18 | 19-21 | 22-24 | 25-27 || total
---------------------------+-------+-------+-------+-------+-------+-------+-------+-------+-------++-------
  Melee: Unarmed           |     7 |     4 |       |       |       |       |       |       |       ||    11
         Short sword       |       |    17 |     3 |       |       |       |       |       |       ||    20
         Dagger            |       |       |    76 |   110 |   153 |    34 |       |       |       ||   373
         Punch             |       |       |       |       |     1 |       |       |       |       ||     1
         Staff             |       |       |       |       |       |    43 |    29 |    14 |     7 ||    93
         Kick              |       |       |       |       |       |       |       |       |     3 ||     3
  Throw: Dart              |     7 |    29 |    57 |    35 |       |       |       |       |       ||   128
   Cast: Sting             |    86 |   158 |    84 |    95 |     2 |       |       |       |       ||   425
         Mephitic Cloud    |       |     5 |    17 |    56 |    24 |    37 |    26 |     9 |       ||   174
         Olgreb's Toxic Ra |       |       |    13 |    69 |    49 |    67 |    34 |    10 |    16 ||   258
         Sticky Flame      |       |       |     7 |    59 |   105 |   100 |    77 |    63 |     6 ||   417
         Fulminant Prism   |       |       |       |    35 |    51 |    48 |    46 |    18 |       ||   198
         Eringya's Noxious |       |       |       |       |   103 |   106 |    54 |    24 |    33 ||   320
         Summon Blazeheart |       |       |       |       |    70 |    37 |       |       |       ||   107
         Summon Cactus Gia |       |       |       |       |       |    54 |    39 |     1 |       ||    94
         Ignite Poison     |       |       |       |       |       |    67 |    66 |    17 |    36 ||   186
         Irradiate         |       |       |       |       |       |     4 |    39 |    36 |    17 ||    96
         Summon Hydra      |       |       |       |       |       |       |    36 |   175 |    10 ||   221
         Plasma Beam       |       |       |       |       |       |       |       |    92 |    38 ||   130
         Spellforged Servi |       |       |       |       |       |       |       |     4 |    26 ||    30
 Invoke: Purification      |       |       |       |     1 |       |       |       |       |       ||     1
         Heal Other        |       |       |       |       |     5 |    15 |     9 |    25 |       ||    54
         Heal Self         |       |       |       |       |    11 |    28 |     6 |     1 |    10 ||    56
         Divine Vigour     |       |       |       |       |       |       |     1 |       |       ||     1
Ability: Evoke the Staff o |       |       |       |       |       |     2 |       |       |       ||     2
  Evoke: Wand              |       |       |     1 |     5 |     1 |     4 |     1 |     8 |       ||    20
         Condenser vane    |       |       |       |       |     1 |       |     1 |       |       ||     2
    Use: Potion            |     1 |       |       |     3 |    10 |    11 |     2 |     5 |     2 ||    34
         Scroll            |       |     1 |       |     5 |    15 |    18 |     1 |     4 |     3 ||    47
   Stab: Sleeping          |       |     2 |     5 |     9 |     3 |       |     3 |       |       ||    22
         Confused          |       |     1 |     7 |    16 |     3 |     2 |       |       |       ||    29
         Invisible         |       |     1 |     5 |       |       |       |       |       |       ||     6
         Distracted        |       |       |       |       |     1 |     1 |       |       |       ||     2
         Petrified         |       |       |       |       |       |     1 |       |       |       ||     1
 Armour: Robe              |    10 |    12 |    22 |    17 |       |       |       |       |       ||    61
         Troll leather arm |       |       |       |    35 |   179 |   323 |   152 |   143 |    88 ||   920
  Dodge: Dodged            |    37 |    40 |    80 |   148 |   421 |   548 |   291 |   234 |   102 ||  1901
